Map: Proxima Station LE

Players

Dayshi

  • Race: Terran Terran
  • Spawn Location: 7:00

Minato - Winner!

  • Race: Zerg Zerg
  • Spawn Location: 1:00

Event: WCS Valencia 2017

VOD

Have the link to the VOD?

Description

Time

  • Played on: July 13, 2017, 7:13 a.m.
  • Length: 14:40

All games in this series

Show
View Real Time Build Order
Export as new Build Order

Dayshi Terran 

Build Orders: Bio Tank 

Get SALT Encoding   

  12  0:00  SCV  
  13  0:12  SCV  
  14  0:18  Supply Depot  
  14  0:25  SCV  
  14  0:28  Refinery  
  15  0:40  SCV  
  16  0:45  Barracks  
  16  0:52  SCV  
  17  1:04  SCV  
  18  1:16  SCV  
  20  1:32  Orbital Command, Reaper  
  20  1:44  Command Center  
  20  1:56  Factory  
  20  1:59  SCV  
  21  2:05  Barracks Reactor  
  21  2:09  Supply Depot  
  21  2:13  SCV  
  22  2:16  Refinery  
  22  2:25  SCV  
  23  2:38  SCV  
  23  2:40  Marine  
  23  2:41  Marine  
  23  2:42  Starport  
  26  2:48  Widow Mine  
  26  2:50  SCV  
  29  2:57  Orbital Command  
  29  2:58  Marine  
  29  3:04  SCV  
  31  3:15  Supply Depot  
  31  3:16  SCV  
  31  3:18  Medivac  
  31  3:19  Factory Tech Lab  
  34  3:25  Marine x2  
  36  3:28  SCV x2  
  38  3:40  Siege Tank, SCV x2  
  43  3:44  Marine x2  
  44  3:49  Supply Depot  
  44  3:53  SCV  
  44  3:54  SCV  
  44  3:55  Medivac  
  48  4:01  Marine  
  48  4:02  Marine  
  50  4:05  SCV  
  50  4:06  SCV  
  52  4:11  Supply Depot  
  52  4:16  Siege Tank  
  55  4:18  SCV x2  
  56  4:28  Marine x2  
  58  4:34  SCV x2, Medivac  
  58  4:35  Supply Depot  
  62  4:46  SCV x2, Marine x2  
  64  4:56  Command Center  
  64  4:58  Liberator  
  64  4:59  SCV x2  
  66  5:02  Barracks x2  
  66  5:12  Marine x2  
  62  5:17  SCV x2  
  62  5:21  Engineering Bay  
  67  5:22  Engineering Bay, Supply Depot  
  67  5:24  Factory Reactor  
  67  5:29  SCV x2  
  69  5:37  Marine x2  
  69  5:41  SCV x2  
  73  5:43  Refinery  
  73  5:44  Refinery  
  73  5:50  Barracks Reactor  
  73  5:55  Terran Infantry Armor Level 1  
  73  5:58  SCV, Terran Infantry Weapons Level 1  
  73  5:59  SCV  
  74  6:13  Marine  
  74  6:14  Marine  
  74  6:16  Marauder  
  74  6:18  Stimpack  
  62  6:20  Orbital Command  
  62  6:21  SCV  
  62  6:22  SCV  
  63  6:27  Factory Reactor  
  63  6:29  Barracks x2  
  63  6:31  Marine x3, Medivac  
  63  6:32  Marine  
  69  6:33  SCV  
  69  6:34  SCV  
  69  6:37  Marine  
  72  6:41  Supply Depot  
  72  6:42  Supply Depot  
  72  6:44  Medivac  
  72  6:46  SCV x2  
  76  6:49  Marine x3  
  76  6:50  Marine  
  76  6:51  Armory  
  80  6:54  SCV, Marine  
  80  6:58  SCV x2  
  84  7:05  Medivac, Supply Depot  
  84  7:06  SCV, Widow Mine, Supply Depot  
  84  7:07  Marine x3  
  84  7:08  Marine  
  93  7:10  SCV x2  
  93  7:12  Marine  
  96  7:16  Medivac  
  96  7:18  SCV  
  96  7:22  SCV x2  
  102  7:25  Marine x4  
  102  7:29  Supply Depot  
  107  7:30  Marine  
  107  7:31  Barracks Reactor x2, Supply Depot  
  107  7:33  Barracks  
  107  7:34  Barracks  
  107  7:35  Widow Mine x2  
  110  7:37  Barracks  
  110  7:42  Marine x2  
  110  7:44  Marine x2  
  113  7:50  Refinery  
  107  7:51  Terran Infantry Armor Level 2, Marine, Refinery  
  107  7:55  Supply Depot  
  105  8:00  Marine x2  
  105  8:01  Marine  
  105  8:02  Marine  
  109  8:11  Marine  
  114  8:13  Marine x3  
  114  8:17  Terran Infantry Weapons Level 2  
  114  8:18  SCV x2  
  114  8:19  SCV  
  106  8:20  Factory  
  106  8:23  Factory Tech Lab  
  106  8:26  Supply Depot  
  106  8:27  Marine x4  
  106  8:30  Barracks Tech Lab x2  
  106  8:31  Combat Shields  
  110  8:35  Marine x3  
  110  8:36  Medivac x2  
  110  8:41  Marine x2  
  118  8:44  Siege Tank  
  118  8:45  Marine x2  
  118  8:46  Marine x3  
  118  8:47  Marine x2  
  127  8:53  Marine  
  127  8:54  Marine x3  
  109  8:59  Marauder, Marine  
  106  9:02  Marine  
  106  9:03  Marine x2  
  106  9:04  Marine  
  106  9:06  Marauder  
  100  9:12  Marauder, Marine x5  
  100  9:16  Marine  
  100  9:20  Marine  
  100  9:21  Siege Tank, Marauder  
  100  9:23  Factory Tech Lab  
  99  9:24  Marine x3  
  99  9:27  Command Center  
  98  9:33  Marauder, Marine x2  
  95  9:40  Medivac x2  
  99  9:49  Concussive Shells  
  99  9:51  Marine  
  99  9:52  Marine x2  
  92  10:04  Siege Tank x2, Supply Depot  
  98  10:10  Medivac  
  100  10:19  Marine x2  
  100  10:20  Marauder, Marine  
  102  10:26  Marine  
  105  10:32  Marine  
  108  10:42  Siege Tank x2  
  109  11:03  Orbital Command  
  103  11:04  Marine x2  
  103  11:05  Marauder  
  103  11:08  Marauder  
  107  11:20  Siege Tank x2, Marine x3  
  107  11:21  Marine  
  107  11:23  Marine  
  118  11:27  SCV x2  
  118  11:29  SCV  
  121  11:34  Supply Depot  
  121  11:35  Supply Depot  
  121  11:41  Terran Infantry Weapons Level 3  
  121  11:42  Marauder  
  120  11:47  Marine x3  
  120  11:48  Marauder  
  121  11:59  Medivac  
  121  12:00  Siege Tank x2  
  129  12:02  Terran Vehicle Weapons Level 1  
  129  12:06  SCV x3, Refinery  
  129  12:07  Refinery  
  130  12:12  Marine  
  130  12:13  Marauder, Marine x3  
  136  12:17  Marauder  
  136  12:18  Marine  
  136  12:22  SCV  
  141  12:24  SCV  
  141  12:29  Orbital Command  
  141  12:37  Marauder, Marine  
  141  12:40  Siege Tank  
  141  12:43  Supply Depot x2  
  147  12:49  Siege Tank  
  125  13:07  Marauder, Marine x2  
  125  13:12  Siege Tank  
  113  13:16  Orbital Command  
  106  13:20  Marauder, Marine x3  
  100  13:38  Orbital Command  
  100  13:40  Marine  
  100  13:41  Marauder  
  103  13:43  Marauder  
  92  14:02  Orbital Command  
  85  14:15  Marine  
  85  14:16  Marauder  
  69  14:19  Marine  
  69  14:20  Marine x2  
Show
View Real Time Build Order
Export as new Build Order

Minato Zerg - Winner!

Build Orders: Hatch First, Lurkers 

Get SALT Encoding   

  12  0:01  Drone  
  13  0:12  Overlord  
  13  0:17  Drone  
  14  0:31  Drone x2  
  14  0:35  Drone  
  17  0:54  Hatchery  
  17  0:55  Drone  
  17  0:58  Drone  
  18  1:09  Extractor  
  17  1:14  Spawning Pool  
  17  1:17  Drone  
  17  1:20  Drone  
  18  1:29  Drone  
  19  1:41  Overlord  
  19  2:01  Queen, Zergling x4  
  21  2:06  Queen  
  21  2:07  Drone  
  26  2:16  Metabolic Boost, Drone  
  26  2:18  Drone  
  26  2:22  Drone  
  29  2:29  Drone  
  30  2:36  Spore Crawler  
  30  2:37  Drone  
  30  2:38  Queen  
  30  2:42  Drone  
  34  2:45  Queen  
  36  2:53  Overlord x2  
  36  2:59  Spore Crawler  
  36  3:13  Drone  
  36  3:14  Drone x2  
  36  3:17  Drone x2  
  36  3:18  Hatchery  
  36  3:19  Drone  
  41  3:23  Drone x2  
  41  3:24  Drone  
  44  3:30  Drone x2  
  46  3:40  Overlord  
  46  3:41  Drone  
  46  3:42  Queen  
  49  3:49  Extractor  
  49  3:50  Extractor  
  49  3:51  Drone x2  
  49  3:52  Evolution Chamber  
  49  3:53  Evolution Chamber  
  47  3:57  Queen  
  47  4:00  Drone  
  47  4:01  Drone  
  52  4:02  Drone  
  52  4:08  Drone  
  52  4:09  Drone x3  
  57  4:18  Zerg Melee Weapons Level 1  
  57  4:19  Drone x3  
  60  4:28  Spore Crawler, Overlord x2  
  59  4:42  Zerg Ground Armor Level 1  
  59  4:43  Queen  
  59  4:44  Drone x5  
  61  4:55  Zergling x10  
  61  4:56  Zergling x2  
  66  5:08  Zergling x10  
  67  5:16  Zergling x8  
  67  5:20  Lair  
  71  5:33  Extractor  
  71  5:35  Drone x5  
  74  5:36  Drone  
  74  5:42  Zergling x4  
  78  5:46  Zergling x6  
  81  6:00  Hatchery  
  80  6:04  Zergling x4  
  78  6:17  Drone x9  
  81  6:21  Extractor  
  81  6:23  Hydralisk Den  
  81  6:25  Extractor  
  78  6:28  Extractor x2  
  76  6:33  Drone x4  
  76  6:34  Drone  
  81  6:41  Baneling Nest, Drone  
  81  6:45  Overlord x3  
  81  6:46  Overlord x2  
  81  7:01  Muscular Augments  
  81  7:02  Overlord x3  
  81  7:05  Drone x8  
  81  7:06  Zerg Ground Armor Level 2  
  89  7:12  Overlord x2  
  89  7:16  Drone x2  
  89  7:19  Hydralisk  
  94  7:25  Hydralisk x4  
  94  7:28  Drone  
  94  7:29  Drone  
  104  7:32  Hydralisk  
  106  7:42  Hydralisk x3  
  106  7:43  Zergling x8  
  115  7:48  Hydralisk  
  115  7:49  Hydralisk, Zergling x4  
  121  7:53  Zerg Melee Weapons Level 2  
  121  7:55  Centrifical Hooks  
  119  8:05  Overlord x3  
  119  8:06  Overlord x2  
  119  8:07  Hydralisk, Zergling x4  
  119  8:08  Zergling x2  
  119  8:10  Hydralisk, Zergling x2  
  127  8:18  Hydralisk x2  
  127  8:19  Zergling x4  
  133  8:27  Hydralisk x4  
  133  8:28  Zergling x2  
  133  8:29  Infestation Pit  
  133  8:33  Hydralisk x2  
  133  8:34  Zergling x4  
  147  8:39  Hydralisk  
  147  8:40  Zergling x2  
  139  8:50  Hydralisk x2, Zergling x2  
  139  8:51  Zergling x2  
  132  8:58  Hydralisk  
  132  8:59  Hydralisk x2, Zergling x10  
  132  9:00  Overseer, Zergling x2  
  129  9:14  Hydralisk  
  129  9:15  Hydralisk x3, Zergling x6  
  124  9:27  Hydralisk x3  
  124  9:28  Zergling x6  
  126  9:34  Drone x3  
  127  9:38  Drone  
  127  9:39  Drone  
  127  9:41  Lurker Den  
  127  9:43  Drone  
  127  9:44  Drone  
  131  9:52  Drone x3  
  134  9:55  Drone x3  
  137  10:02  Queen  
  137  10:04  Drone x3  
  142  10:07  Drone x2  
  142  10:09  Drone  
  145  10:16  Zerg Missile Weapons Level 1  
  144  10:25  Extractor x2, Drone x2  
  144  10:26  Drone x3  
  144  10:27  Hive  
  147  10:29  Drone  
  147  10:34  Queen  
  148  11:06  Drone x2  
  148  11:07  Drone x4  
  148  11:08  Hydralisk x4  
  148  11:09  Hydralisk x2, Zergling x14  
  172  11:20  Hydralisk x3, Zergling x6  
  172  11:25  Lurker x6  
  187  11:26  Lurker  
  187  11:31  Zergling x6  
  187  11:32  Zergling x6  
  194  11:33  Zergling x2  
  194  11:34  Zergling x4  
  194  11:35  Zergling x4  
  199  11:46  Hatchery  
  197  11:50  Ultralisk Cavern  
  190  12:21  Baneling x2  
  190  12:22  Baneling x16  
  190  12:23  Baneling  
  190  12:24  Baneling, Zergling x2  
  190  12:25  Zergling x16  
  199  12:40  Chitinous Plating  
  180  12:54  Hydralisk x4, Zergling x2  
  180  12:55  Ultralisk, Zergling x14  
  180  12:56  Zergling x4  
  200  13:01  Zergling x2  
  200  13:02  Ultralisk, Zergling x10  
  192  13:10  Ultralisk, Zergling x10  
  192  13:11  Zergling x14  
  192  13:12  Zergling x4  
  174  13:21  Ultralisk, Zergling x4  
  174  13:22  Zergling x2  
  148  13:36  Zergling x2  
  148  13:37  Ultralisk x2, Zergling x12  
  148  13:38  Zergling x2  
  150  13:46  Zergling x10  
  150  13:47  Zergling x4  
  142  13:53  Zergling x10  
  147  14:00  Ultralisk, Zergling x4  
  155  14:09  Zergling x4  
  151  14:10  Zergling x2  
  151  14:16  Zergling x8  
  151  14:17  Zergling x2  
  138  14:19  Baneling x5  
  138  14:20  Baneling  
  138  14:21  Zergling x2  
Tags
 
Add a new tag
Caveats
  • Supply blocks, unpowered buildings, or Contaminate may cause inaccurate times.
  • Supply counts are checked every 10 seconds.